 Dungeon Sprint DCSS version 0.30.0-18-gc0e69614cb (webtiles) character file.

Game seed: 7765741944002998948

3500000 Groucho the Intangible (level 20, -165/137 HPs)
             Began as a Spriggan Warper on May 23, 2023.
             Was the Champion of Makhleb.
             Annihilated by a sculptor of flesh
             ... wielding a +9 great sword
              (271 damage)
             ... in the Dungeon (Sprint VIII: "Arena of Blood").
             The game lasted 00:02:49 (35 turns).

Groucho the Intangible (Spriggan Warper)              Turns: 35, Time: 00:02:50

Health: -165/137   AC:  4    Str:  7    XL:     20   Next: 26%
Magic:  23/52      EV: 45    Int: 16    God:    Makhleb [******]
Gold:   0          SH:  0    Dex: 22    Spells: 73/73 levels left

rFire   . . .        j - +∞ Axe of Woe
rCold   . . .        (shield currently unavailable)
rNeg    . . .        b - +0 robe
rPois   .            (helmet restricted)
rElec   .            (no cloak)
rCorr   .            (gloves unavailable)
SInv    +            (boots unavailable)
Will    +++..        (no amulet)
Stlth   ++++++++++   (no ring)
HPRegen 0.42/turn    (no ring)
MPRegen 0.33/turn

%: no teleportation
@: very quick
A: very small, no large weapons, unfitting armour, see invisible, speed 3
a: Renounce Religion, Minor Destruction, Lesser Servant of Makhleb, Major
Destruction, Greater Servant of Makhleb


You were in the Dungeon.
You worshipped Makhleb.
Makhleb was exalted by your worship.
You visited 1 branch

Inventory:

Hand Weapons
 a - a +0 hand axe
 j - the +∞ Axe of Woe (weapon)
   (You found it in the Dungeon)
Missiles
 d - 7 boomerangs of dispersal (quivered)
Armour
 b - a +0 robe (worn)
Scrolls
 c - 2 scrolls of blinking
Potions
 e - a potion of curing
 f - a potion of heal wounds
 g - a potion of haste
 h - 2 potions of magic
 i - a potion of berserk rage


   Skills:
 O Level 27 Fighting
 O Level 27 Axes
 - Level 1.0 Throwing
 O Level 27 Armour
 O Level 27 Dodging
 O Level 27 Stealth
 + Level 11.0 Unarmed Combat
 O Level 27 Spellcasting
 O Level 27 Translocations
 O Level 27 Invocations
 + Level 16.5 Evocations


You had 73 spell levels left.
You didn't know any spells.
Your spell library contained the following spells:

 Spells                   Type           Power      Damage    Failure   Level
 Blink                    Tloc           100%       N/A       0%          2
 Lesser Beckoning         Tloc           100%       N/A       0%          2
 Teleport Other           Tloc           82%        N/A       0%          3
 Manifold Assault         Tloc           82%        N/A       0%          4
 Vhi's Electric Charge    Tloc/Air       100%       N/A       1%          3


Dungeon Overview and Level Annotations

Branches:
Dungeon (1/1)

Altars:
Makhleb


Innate Abilities, Weirdness & Mutations

You are very small and have problems with some larger weapons.
You are too small for most types of armour.
You have supernaturally acute eyesight. (SInv)
You cover ground extremely quickly. (Speed+++)


Message History

Unknown command.
Unknown command.
Unknown command.
You slash the bag of meat!
You slaughter the bag of meat joyfully.
You kill the bag of meat!
Makhleb accepts your kill.
You feel better.
The sculptor of flesh appears out of thin air!
A sculptor of flesh comes into view. It is wielding a +9 great sword.
You are engulfed in blazing flames.
You hear a shout! x2
The destroyer points at you and mumbles some strange words.
The destroyer blinks!
The destroyer points at you and mumbles some strange words.
The destroyer blinks!
The bag of meat is engulfed in blazing flames.
Your Armour skill increases to level 26!
Unknown command.
Unknown command.
You hit the destroyer.
You fatally mangle the destroyer.
You destroy the destroyer!
Makhleb accepts your kill.
You slash the bag of meat!
You pulverise the bag of meat into a thin bloody mist.
You kill the bag of meat!
Makhleb accepts your kill.
You feel better.
You are engulfed in blazing flames.
You hear a shout! x8
A bag of meat comes into view. It is wielding a +9 war axe.
You have mastered Armour!
You need to enable at least one skill for training.
Your Unarmed Combat skill gained 11 levels and is now at level 11!
Your Evocations skill gained 16 levels and is now at level 16!
You have reached level 20!
You feel clever.
Unknown command.
You hear a shout! x3
The sculptor of flesh hits you with a +9 great sword!!!!!
Ouch! That really hurt!
You die...

.........###.......###.
............#.......#
............#.......#
..#......z...........
#.#.#...§V).........
#.#.§§§o§○.........
#.#§)§°o)........#
...#.#Vo§§☼#°.......#.
..o.o..@.).O.§......#
.##..Oz...##.#.....oo
##......z.........O
o...####....#.....
##... ......... ####
...... ..... ###


You could see 2 destroyers, 3 sculptors of flesh, a large bag of meat (inner
flame), a meat berserker (berserk) and 6 bags of meat.

Vanquished Creatures
  3 vampire knights (D)
  9 ogres (D)
  2 two-headed ogres (D)
  22 orcs (D)
36 creatures vanquished.

Notes
Turn   | Place    | Note
-------+----------+-------------------------------------------
     0 | D        | Found the +∞ Axe of Woe
     0 | D        | Groucho the Spriggan Warper began the quest for the Orb.
     0 | D        | Reached XP level 1. HP: 10/10 MP: 5/5
     2 | D        | Noticed a bag of meat
     4 | D        | Became a worshipper of Makhleb the Destroyer
     5 | D        | Noticed a meat berserker
     5 | D        | Noticed a bag of meat
     6 | D        | Noticed a bag of meat
     8 | D        | Noticed a meat berserker
     8 | D        | Noticed a bag of meat
     9 | D        | Noticed a bag of meat
     9 | D        | Noticed a meat berserker
     9 | D        | Noticed a bag of meat
    10 | D        | Noticed a bag of meat
    10 | D        | Noticed a bag of meat
    11 | D        | Noticed a meat berserker
    12 | D        | Noticed a bag of meat
    12 | D        | Noticed a bag of meat
    12 | D        | Noticed a bag of meat
    12 | D        | Noticed a bag of meat
    12 | D        | Noticed a bag of meat
    12 | D        | Noticed a bag of meat
    12 | D        | Noticed a bag of meat
    13 | D        | Noticed a large bag of meat
    13 | D        | Noticed a bag of meat
    13 | D        | Noticed a bag of meat
    13 | D        | Noticed a bag of meat
    13 | D        | Noticed a bag of meat
    13 | D        | Noticed a large bag of meat
    13 | D        | Noticed a bag of meat
    14 | D        | Noticed a bag of meat
    14 | D        | Noticed a meat berserker
    14 | D        | Noticed a meat berserker
    14 | D        | Noticed a bag of meat
    16 | D        | Killed a bag of meat
    16 | D        | Killed a meat berserker
    16 | D        | Reached * piety under Makhleb
    16 | D        | Killed a bag of meat
    17 | D        | Reached skill level 15 in Fighting
    17 | D        | Reached XP level 2. HP: 30/30 MP: 6/6
    17 | D        | Reached XP level 3. HP: 35/35 MP: 8/8
    17 | D        | Reached XP level 4. HP: 39/39 MP: 9/9
    17 | D        | Reached XP level 5. HP: 44/44 MP: 10/10
    17 | D        | Reached XP level 6. HP: 49/49 MP: 11/11
    17 | D        | Reached XP level 7. HP: 53/53 MP: 12/12
    17 | D        | Reached XP level 8. HP: 58/58 MP: 13/13
    17 | D        | Reached XP level 9. HP: 62/62 MP: 14/14
    17 | D        | Reached XP level 10. HP: 67/67 MP: 15/15
    17 | D        | Reached XP level 11. HP: 71/71 MP: 16/16
    17 | D        | Reached XP level 12. HP: 76/76 MP: 17/17
    17 | D        | Reached XP level 13. HP: 80/80 MP: 18/18
    17 | D        | Killed a bag of meat
    17 | D        | Killed a bag of meat
    17 | D        | Reached ** piety under Makhleb
    18 | D        | Killed a meat berserker
    18 | D        | Killed a bag of meat
    18 | D        | Killed a bag of meat
    18 | D        | Reached *** piety under Makhleb
    18 | D        | Noticed a bag of meat
    19 | D        | Reached skill level 27 in Dodging
    19 | D        | Reached XP level 14. HP: 91/91 MP: 19/19
    19 | D        | Killed a bag of meat
    19 | D        | Killed a bag of meat
    19 | D        | Killed a bag of meat
    19 | D        | Reached **** piety under Makhleb
    20 | D        | Reached skill level 27 in Axes
    20 | D        | Reached XP level 15. HP: 100/100 MP: 20/20
    20 | D        | Killed a meat berserker
    20 | D        | Noticed a meat berserker
    21 | D        | Reached XP level 16. HP: 114/114 MP: 21/21
    21 | D        | Killed a meat berserker
    21 | D        | Reached ***** piety under Makhleb
    21 | D        | Noticed a destroyer
    22 | D        | Reached skill level 27 in Fighting
    22 | D        | Killed a large bag of meat
    22 | D        | Killed a meat berserker
    22 | D        | Reached ****** piety under Makhleb
    23 | D        | Reached skill level 27 in Translocations
    23 | D        | Reached XP level 17. HP: 93/121 MP: 21/46
    23 | D        | Killed a meat berserker
    24 | D        | Reached skill level 27 in Spellcasting
    24 | D        | Reached XP level 18. HP: 108/127 MP: 21/50
    24 | D        | Noticed a destroyer
    25 | D        | Noticed a large bag of meat
    26 | D        | Noticed a meat berserker
    26 | D        | Noticed a destroyer
    26 | D        | Noticed a meat berserker
    27 | D        | Killed a meat berserker
    28 | D        | Reached skill level 27 in Invocations
    28 | D        | Noticed a destroyer
    29 | D        | Killed a destroyer
    29 | D        | Noticed a destroyer
    30 | D        | Reached skill level 10 in Armour
    30 | D        | Killed a destroyer
    31 | D        | Reached skill level 27 in Stealth
    31 | D        | Reached XP level 19. HP: 132/132 MP: 22/51
    31 | D        | Killed a meat berserker
    31 | D        | Killed a meat berserker
    32 | D        | Killed a large bag of meat
    32 | D        | Noticed a meat berserker
    34 | D        | Killed a destroyer
    35 | D        | Reached skill level 27 in Armour
    35 | D        | Reached XP level 20. HP: 106/137 MP: 23/52
    35 | D        | Annihilated by a sculptor of flesh

Illustrated notes

Levels and vault maps discovered:
D:        meatsprint

Skill      XL: |  1  2  3  4  5  6  7  8  9 10 11 12 13 14 15 16 17 18 19 |
---------------+----------------------------------------------------------+-----
Fighting       | 15 18 21 25 27 | 27.0
Axes           | 20 25 27 | 27.0
Dodging        | 22 27 | 27.0
Spellcasting   | 24 27 | 27.0
Translocations | 27 | 27.0
Invocations    | 20 24 27 | 27.0
Armour         | 17 27 | 27.0
Stealth        | 27 | 27.0
Unarmed Combat | 11 | 11.0
Evocations     | 16 | 16.5
Throwing       | |  1.0

Action                     |  1- 3 |  4- 6 |  7- 9 | 10-12 | 13-15 | 16-18 | 19-21 || total
---------------------------+-------+-------+-------+-------+-------+-------+-------++-------
  Melee: Broad axe         |     1 |       |       |       |     4 |     6 |     4 ||    15
